 Dungeon Crawl Stone Soup version 0.30-a0-272-gf98c3da03f (webtiles) character file.

Game seed: 14572380626942298316

15050 gruber the Thrower (level 12, -2/91 HPs)
             Began as a Gnoll Ice Elementalist on Oct 16, 2022.
             Was an Initiate of Gozag.
             Slain by a vampire (7 damage)
             ... on level 11 of the Dungeon.
             The game lasted 00:21:59 (13125 turns).

gruber the Thrower (Gnoll Ice Elementalist)        Turns: 13125, Time: 00:22:00

Health: -2/91      AC: 16    Str: 10    XL:     12   Next: 22%
Magic:  21/25      EV: 15    Int: 19    God:    Gozag
Gold:   1817       SH:  5    Dex: 14    Spells: 18/29 levels left

rFire   + + .      SeeInvis +    R - +8 whip "Snakebite" {venom, curare, rPois}
rCold   + . .      Faith    .    (no shield)
rNeg    . . .      Spirit   .    Q - +0 acid dragon scales
rPois   +          Reflect  +    l - +0 helmet
rElec   .          Harm     .    U - scarf {rC+ rF+}
rCorr   +          Rampage  .    i - +0 pair of gloves
Will    +....                    (no boots)
Stlth   +++.......               F - amulet of reflection
HPRegen 0.35/turn                A - ring of see invisible
MPRegen 0.19/turn                D - ring of Hossytin {rF+ Will+ Str+3 Slay+2 Stlth-}

@: ice-armoured, gold aura, freezing walls, studying Throwing
A: fangs 1, strong nose, distributed training
a: Renounce Religion, Potion Petition, Call Merchant, Bribe Branch


You were on level 11 of the Dungeon.
You worshipped Gozag.
Gozag was most pleased with you.
You visited 2 branches of the dungeon, and saw 12 of its levels.

You collected 1930 gold pieces.
You paid 113 gold pieces to Gozag.

Inventory:

Hand Weapons
 R - the +8 whip "Snakebite" (weapon) {venom, curare, rPois}
   (You took it off Amaemon on level 8 of the Dungeon)

   It poisons the flesh of those it strikes.
   It occasionally inflicts asphyxiating poison on those it strikes, dealing
   poison damage and causing slowness.
   rPois:     It protects you from poison.
Missiles
 B - 16 poisoned darts
 E - a throwing net
 V - a curare-tipped dart
Armour
 i - a +0 pair of gloves (worn)
 l - a +0 helmet (worn)
 Q - +0 acid dragon scales (worn)
 U - a scarf of resistance (worn)
Jewellery
 e - a ring of flight
 A - a ring of see invisible (left hand)
 C - a +6 ring of dexterity
 D - the ring of Hossytin (right hand) {rF+ Will+ Str+3 Slay+2 Stlth-}
   (You found it on level 4 of the Dungeon)

   [ring of willpower]

   Str:       It affects your strength (+3).
   Slay:      It affects your accuracy & damage with ranged weapons and melee
   (+2).
   rF:        It protects you from fire.
   Will:      It increases your willpower.
   Stlth:     It makes you less stealthy.
 F - an amulet of reflection (around neck)
 H - a ring of resist corrosion
 L - an amulet of regeneration
 O - a ring of wizardry
Wands
 p - a wand of mindburst (8)
 K - a wand of iceblast (9)
 T - a wand of polymorph (4)
Scrolls
 d - 2 scrolls of blinking {unknown}
 f - 5 scrolls of summoning
 g - a scroll of enchant weapon {unknown}
 n - 2 scrolls of brand weapon {unknown}
 o - 2 scrolls of amnesia {unknown}
 q - 3 scrolls of teleportation {unknown}
 u - 4 scrolls of identify
 v - 4 scrolls of noise {unknown}
 w - 2 scrolls of enchant armour {unknown}
 y - a scroll of immolation
 I - 2 scrolls of poison {unknown}
 J - a scroll of fear {unknown}
 M - 2 scrolls of butterflies {unknown}
 N - a scroll of vulnerability {unknown}
 S - a scroll of acquirement {unknown}
Potions
 a - a potion of brilliance
 b - a potion of cancellation
 c - 3 potions of haste
 h - 2 potions of might
 j - a potion of invisibility
 k - 2 potions of lignification
 m - a potion of flight
 r - a potion of mutation
 s - 2 potions of curing
 t - 2 potions of berserk rage
 x - 7 potions of heal wounds
 z - a potion of ambrosia
 G - a potion of resistance
 P - a potion of magic
 W - a potion of attraction {unknown}


   Skills:
 + Level 7.3 Fighting
 + Level 7.3 Short Blades
 + Level 7.3 Long Blades
 + Level 7.3 Axes
 + Level 7.3 Maces & Flails
 + Level 7.3 Polearms
 + Level 7.3 Staves
 + Level 7.3 Ranged Weapons
 + Level 10.0 Throwing
 + Level 7.3 Armour
 + Level 8.7 Dodging
 + Level 8.5 Stealth
 + Level 7.3 Shields
 + Level 7.3 Unarmed Combat
 + Level 9.0 Spellcasting
 + Level 6.1 Conjurations
 + Level 6.1 Hexes
 + Level 6.1 Summonings
 + Level 6.1 Necromancy
 + Level 6.1 Translocations
 + Level 6.1 Transmutations
 + Level 6.1 Fire Magic
 + Level 9.5 Ice Magic
 + Level 6.1 Air Magic
 + Level 6.1 Earth Magic
 + Level 6.1 Poison Magic
 + Level 8.0 Invocations
 + Level 7.3 Evocations


You had 18 spell levels left.
You knew the following spells:

 Your Spells              Type           Power      Damage    Failure   Level
a - Freeze                Ice            100%       1d10      1%          1
b - Frozen Ramparts       Ice            88%        1d14      1%          3
c - Ozocubu's Armour      Ice            44%        N/A       1%          3
d - Summon Ice Beast      Ice/Summ       38%        N/A       4%          4

Your spell library contained the following spells:

 Spells                   Type           Power      Damage    Failure   Level
 Foxfire                  Conj/Fire      100%       2x1d9     1%          1
 Magic Dart               Conj           100%       1d8       1%          1
 Shock                    Conj/Air       100%       1d9       1%          1
 Searing Ray              Conj           62%        2d6       1%          2
 Sublimation of Blood     Necr           31%        N/A       1%          2
 Dazzling Flash           Conj/Hex       62%        N/A       3%          3
 Ignite Poison            Fire/Tmut/Pois 31%        N/A       3%          3
 Kindle Blastsparks       Fire/Tloc/Air  62%        2d15      3%          3
 Swiftness                Air            31%        N/A       3%          3
 Airstrike                Air            15%        2d(3-19)  10%         4
 Fulminant Prism          Conj/Hex       15%        3d11      10%         4
 Iskenderun's Mystic Bla  Conj/Tloc      31%        2d8       10%         4
 Passage of Golubria      Tloc           31%        N/A       10%         4
 Petrify                  Tmut/Erth      31%        N/A       10%         4
 Freezing Cloud           Conj/Ice/Air   18%        6-21      17%         5
 Agony                    Necr           31%        N/A       28%         5
 Fireball                 Conj/Fire      15%        3d8       28%         5
 Irradiate                Conj/Tmut      15%        3d16      28%         5
 Lee's Rapid Deconstruct  Erth           15%        3d11*     28%         5
 Silence                  Hex/Air        15%        N/A       28%         5
 Starburst                Conj/Fire      15%        6d6       83%         6
 Lehudib's Crystal Spear  Conj/Erth      15%        10d5      100%        8


Dungeon Overview and Level Annotations

Branches:
Dungeon (11/15)            Temple (1/1) D:7            Lair (0/5) D:10
    Orc: D:9-12

Altars:
Ashenzari
Cheibriados
Dithmenos
Elyvilon
Fedhas
Gozag
Hepliaklqana
Kikubaaqudgha
Makhleb
Nemelex Xobeh
Okawaru
Qazlal
Ru
Sif Muna
Trog
Uskayaw
Vehumet
Wu Jian
Xom
Yredelemnul
Zin
The Shining One

Shops:
D:7 (

Annotations:
D:4 1 runed translucent door, BankerBuddy's ghost, amateur HOFi


Innate Abilities, Weirdness & Mutations

You have very sharp teeth.
Your uncanny sense of smell can sniff out nearby items.
Your experience applies equally to all skills.


Message History

The vampire is almost destroyed.
The wall freezes the vampire but does no damage.
The vampire draws life force from you!
The vampire is healed by the life force!
You hit the vampire but do no damage. Your bite misses the vampire.
The vampire is severely damaged.
The cyclops shouts!
You hit the vampire but do no damage.
The vampire is severely damaged.
The vampire resists.
The wall freezes the vampire.
The vampire draws life force from you!
The vampire is healed by the life force!
You whack the vampire!
The vampire is severely damaged.
The vampire resists.
The wall freezes the vampire.
The vampire points at you and mumbles some strange words.
You are confused.
You're too confused to attack without stumbling around!
You're too confused to attack without stumbling around!
Your icy armour and frozen ramparts will break if you move.
Continue? [Y]es or [N]o only, please.
Your icy armour and frozen ramparts will break if you move.
Continue? [Y]es or [N]o only, please.
Your icy armour and frozen ramparts will break if you move.
Continue?
You bump into the rock wall.
The vampire resists.
The wall freezes the vampire.
The vampire draws life force from you!!
* * * LOW HITPOINT WARNING * * *
The vampire is healed by the life force!
Your icy armour and frozen ramparts will break if you move.
Continue?
You're too confused to move!
The vampire resists.
The wall freezes the vampire.
The vampire draws life force from you!
* * * LOW HITPOINT WARNING * * *
The vampire is healed by the life force!
Unknown command.
You feel better.
The vampire resists.
The wall freezes the vampire.
The vampire hits you!
* * * LOW HITPOINT WARNING * * *
The vampire bites you!
You die...
Your body crumbles into a pile of gold.

#.............#
##.....[....?..#
.'.............#
#C............#
#>.....C......#
#######'######
#.# #V# #@# #.##
#..# ##.# #.#
#.# #.# #.# #.#


You could see a cyclops and a vampire (empowered, invisible).

Vanquished Creatures
  A hydra (D:10)
  Erolcha (D:9)
  2 boulder beetles (D:9)
  Erica (D:8)
  A two-headed ogre (D:6)
  Amaemon (D:8)
  Pikel (D:6)
  A cyclops (D:11)
  An orange demon (D:8)
  Maggie (D:8)
  Psyche (D:11)
  2 trolls
  2 hornets
  Grinder (D:3)
  2 dream sheep (D:10)
  3 slime creatures (D:10)
  A shadow (D:10)
  Sigmund (D:3)
  A wyvern (D:8)
  17 yaks
  A steam dragon (D:4)
  2 ice beasts
  2 orc warriors
  A sky beast (D:7)
  An ogre (D:7)
  A black bear (D:6)
  4 centaurs
  A phantom (D:5)
  4 lemures (D:6)
  2 bullfrogs
  5 kobold brigands
  6 scorpions
  3 gnoll sergeants
  A necrophage (D:4)
  7 wights
  9 killer bees
  7 orc priests
  2 gnoll boudas
  A hound (D:5)
  3 iguanas
  8 orc wizards
  Robin (D:2)
  8 adders
  26 gnolls
  3 shadow imps
  3 white imps
  An ufetubus (D:5)
  A worm (D:2)
  6 dart slugs
  35 orcs
  10 bats
  8 endoplasms
  A giant cockroach (D:4)
  11 goblins
  11 hobgoblins
  17 jackals
  13 kobolds
  6 quokkas
  10 ball pythons
  A frilled lizard (D:2)
  6 rats
291 creatures vanquished.

Vanquished Creatures (collateral kills)
  An orc warrior (D:8)
  An ice beast (D:6)
  A phantom (D:5)
  2 bullfrogs
  An orc priest (D:7)
  An orc wizard (D:7)
  A shadow imp (D:5)
  4 orcs
12 creatures vanquished.

Vanquished Creatures (others)
  A plant (D:10)
1 creature vanquished.

Grand Total: 304 creatures vanquished

Notes
Turn   | Place    | Note
-------+----------+-------------------------------------------
     0 | D:1      | gruber the Gnoll Ice Elementalist began the quest for the
                  | Orb.
     0 | D:1      | Reached XP level 1. HP: 13/13 MP: 6/6
   117 | D:1      | Reached XP level 2. HP: 19/19 MP: 3/7
   503 | D:1      | Reached skill level 5 in Spellcasting
   503 | D:1      | Reached XP level 3. HP: 25/25 MP: 6/9
   507 | D:1      | Learned a level 3 spell: Frozen Ramparts
   511 | D:1      | Learned a level 3 spell: Ozocubu's Armour
   641 | D:1      | Found a faded altar of an unknown god.
   952 | D:2      | Reached skill level 1 in Invocations
  1100 | D:2      | Reached skill level 1 in Fighting
  1100 | D:2      | Reached skill level 1 in Short Blades
  1100 | D:2      | Reached skill level 1 in Long Blades
  1100 | D:2      | Reached skill level 1 in Axes
  1100 | D:2      | Reached skill level 1 in Maces & Flails
  1100 | D:2      | Reached skill level 1 in Polearms
  1100 | D:2      | Reached skill level 1 in Staves
  1100 | D:2      | Reached skill level 1 in Ranged Weapons
  1100 | D:2      | Reached skill level 1 in Throwing
  1100 | D:2      | Reached skill level 1 in Armour
  1100 | D:2      | Reached skill level 1 in Shields
  1100 | D:2      | Reached skill level 1 in Unarmed Combat
  1100 | D:2      | Reached skill level 1 in Evocations
  1172 | D:2      | Noticed Robin
  1178 | D:2      | Reached XP level 4. HP: 32/32 MP: 7/11
  1180 | D:2      | Killed Robin
  1282 | D:2      | Reached skill level 1 in Conjurations
  1282 | D:2      | Reached skill level 1 in Hexes
  1282 | D:2      | Reached skill level 1 in Summonings
  1282 | D:2      | Reached skill level 1 in Necromancy
  1282 | D:2      | Reached skill level 1 in Translocations
  1282 | D:2      | Reached skill level 1 in Transmutations
  1282 | D:2      | Reached skill level 1 in Fire Magic
  1282 | D:2      | Reached skill level 1 in Air Magic
  1282 | D:2      | Reached skill level 1 in Earth Magic
  1282 | D:2      | Reached skill level 1 in Poison Magic
  1951 | D:3      | Noticed Grinder
  2046 | D:3      | Paralysed by Grinder for 4 turns
  2063 | D:3      | Paralysed by Grinder for 5 turns
  2074 | D:3      | Paralysed by Grinder for 3 turns
  2090 | D:3      | Killed Grinder
  2091 | D:3      | Reached skill level 2 in Throwing
  2091 | D:3      | Reached skill level 5 in Dodging
  2091 | D:3      | Reached XP level 5. HP: 16/38 MP: 5/12
  2091 | D:3      | Reached XP level 6. HP: 18/44 MP: 5/14
  2200 | D:3      | Found a basalt altar of Yredelemnul.
  2200 | D:3      | Found a radiant altar of Vehumet.
  2297 | D:3      | Found a burning altar of Makhleb.
  2297 | D:3      | Noticed an Executioner
  2355 | D:3      | Noticed Sigmund
  2367 | D:3      | Killed Sigmund
  2368 | D:3      | Reached XP level 7. HP: 35/50 MP: 9/15
  2828 | D:4      | Learned a level 4 spell: Summon Ice Beast
  2931 | D:4      | Found a runed translucent door.
  2934 | D:4      | Noticed BankerBuddy's ghost (amateur HOFi)
  2935 | D:4      | Noticed a steam dragon
  2945 | D:4      | Killed a steam dragon
  2946 | D:4      | Reached skill level 5 in Stealth
  3501 | D:4      | Found a hazy altar of Hepliaklqana.
  3903 | D:4      | Identified the ring of Hossytin {rF+ Will+ Str+3 Slay+2
                  | Stlth-}
  4050 | D:5      | Entered Level 5 of the Dungeon
  4221 | D:5      | Reached skill level 3 in Throwing
  4313 | D:5      | Reached XP level 8. HP: 53/58 MP: 13/16
  4526 | D:5      | Found an iron altar of Okawaru.
  5412 | D:5      | Found a glowing golden altar of the Shining One.
  5751 | D:6      | Found a shimmering blue altar of Sif Muna.
  5869 | D:6      | Noticed Pikel
  5875 | D:6      | Killed Pikel
  5876 | D:6      | Reached skill level 4 in Throwing
  5972 | D:6      | Noticed a two-headed ogre
  5983 | D:6      | Killed a two-headed ogre
  5984 | D:6      | Reached skill level 5 in Throwing
  5984 | D:6      | Reached XP level 9. HP: 50/65 MP: 6/19
  6423 | D:6      | Reached skill level 5 in Invocations
  6644 | D:6      | Reached skill level 6 in Throwing
  7355 | D:7      | Found Ampiuth's Weapon Emporium.
  7695 | D:7      | Found a staircase to the Ecumenical Temple.
  7703 | Temple   | Entered the Ecumenical Temple
  7838 | Temple   | Became a worshipper of Gozag Ym Sagoz the Greedy
  8241 | D:7      | Identified the +2 cloak "Rouqug" {rPois}
  8396 | D:7      | Reached skill level 5 in Fighting
  8396 | D:7      | Reached skill level 5 in Short Blades
  8396 | D:7      | Reached skill level 5 in Long Blades
  8396 | D:7      | Reached skill level 5 in Axes
  8396 | D:7      | Reached skill level 5 in Maces & Flails
  8396 | D:7      | Reached skill level 5 in Polearms
  8396 | D:7      | Reached skill level 5 in Staves
  8396 | D:7      | Reached skill level 5 in Ranged Weapons
  8396 | D:7      | Reached skill level 5 in Armour
  8396 | D:7      | Reached skill level 5 in Shields
  8396 | D:7      | Reached skill level 5 in Unarmed Combat
  8396 | D:7      | Reached skill level 5 in Evocations
  8396 | D:7      | Reached XP level 10. HP: 74/74 MP: 16/20
  8526 | D:7      | Found a shadowy altar of Dithmenos.
  9076 | D:8      | Found a hide-covered altar of Uskayaw.
  9524 | D:8      | Reached skill level 7 in Throwing
  9587 | D:8      | Noticed Maggie
  9599 | D:8      | Killed Maggie
 10212 | D:8      | Noticed Erica
 10230 | D:8      | Killed Erica
 10469 | D:8      | Noticed Amaemon
 10471 | D:8      | Noticed an orange demon
 10482 | D:8      | Killed Amaemon
 10483 | D:8      | Reached skill level 8 in Throwing
 10485 | D:8      | Killed an orange demon
 10486 | D:8      | Reached skill level 5 in Conjurations
 10486 | D:8      | Reached skill level 5 in Hexes
 10486 | D:8      | Reached skill level 5 in Summonings
 10486 | D:8      | Reached skill level 5 in Necromancy
 10486 | D:8      | Reached skill level 5 in Translocations
 10486 | D:8      | Reached skill level 5 in Transmutations
 10486 | D:8      | Reached skill level 5 in Fire Magic
 10486 | D:8      | Reached skill level 5 in Air Magic
 10486 | D:8      | Reached skill level 5 in Earth Magic
 10486 | D:8      | Reached skill level 5 in Poison Magic
 10486 | D:8      | Reached XP level 11. HP: 62/81 MP: 11/22
 10596 | D:9      | You fall into a shaft and drop 2 floors!
 10670 | D:10     | Entered Level 10 of the Dungeon
 10680 | D:10     | Found an ornate altar of the Wu Jian Council.
 10964 | D:10     | Found a blossoming altar of Fedhas.
 10982 | D:10     | Found a staircase to the Lair.
 10993 | D:10     | Found a glowing silver altar of Zin.
 11048 | D:10     | Found a flagged portal.
 11069 | D:10     | Found an ancient bone altar of Kikubaaqudgha.
 11082 | D:10     | Found a snail-covered altar of Cheibriados.
 11237 | D:10     | Noticed a three-headed hydra
 11245 | D:10     | Killed a three-headed hydra
 11246 | D:10     | Reached skill level 9 in Throwing
 11527 | D:9      | Noticed a boulder beetle
 11552 | D:9      | Killed a boulder beetle
 11962 | D:9      | Noticed a boulder beetle
 12001 | D:9      | Killed a boulder beetle
 12232 | D:9      | Found a stormy altar of Qazlal.
 12247 | D:9      | Noticed Erolcha
 12410 | D:9      | Found a broken altar of Ashenzari.
 12419 | D:9      | Reached XP level 12. HP: 89/91 MP: 17/24
 12431 | D:9      | Killed Erolcha
 12697 | D:11     | Noticed Psyche
 12702 | D:11     | Killed Psyche
 12913 | D:11     | Reached skill level 10 in Throwing
 13124 | D:11     | HP: 4/91 [vampire/vampiric draining (15)]
 13125 | D:11     | Slain by a vampire

Illustrated notes

Levels and vault maps discovered:
D:1:      psy_arrival_radial01, layout_basic, ebering_ecumenical_altar_hall
D:2:      layout_basic, minmay_3d_cube, uniq_robin
D:3:      layout_basic, makhleb_altar_promises_db,
          gammafunk_temple_overflow_wave, uniq_grinder, uniq_sigmund
D:4:      layout_gridville, nzn_hepliaklqana_mist_gate,
          hellmonk_ghost_happy_afterlife
D:5:      layout_layer_cave, kennysheep_little_box, tso_altar,
          minmay_misc_feat_square
D:6:      layout_loops_ring, amcnicky_altar_gilded, grunt_ministairs_5,
          uniq_pikel
D:7:      layout_layer_cave, grunt_dithmenos_shadows, temple_fountains,
          serial_shops, shop
D:8:      layout_basic, nicolae_uskayaw_dance_hall, kennysheep_potato,
          uniq_amaemon, uniq_maggie, uniq_erica
D:9:      layout_cross, overflow_temple_1_default, lemuel_crystal_altar,
          minivault_11, uniq_erolcha
D:10:     layout_cave_pools, nicolae_kikubaaqudgha_miasma_corner,
          kennysheep_mini_moat, mainiacjoe_overflow_24_doors,
          mainiacjoe_overflow_chevrons, mainiacjoe_overflow_paths,
          enter_bailey_1, hangedman_ranch
D:11:     layout_roguey, uniq_psyche
Temple:   nicolae_temple_two_arcs

Skill      XL: |  1  2  3  4  5  6  7  8  9 10 11 12 |
---------------+-------------------------------------+-----
Spellcasting   | 5 6 7 8 9 |  9.0
Invocations    | 1 2 3 4 5 6 7 8 |  8.0
Fighting       | 1 2 3 4 5 6 7 |  7.3
Short Blades   | 1 2 3 4 5 6 7 |  7.3
Long Blades    | 1 2 3 4 5 6 7 |  7.3
Axes           | 1 2 3 4 5 6 7 |  7.3
Maces & Flails | 1 2 3 4 5 6 7 |  7.3
Polearms       | 1 2 3 4 5 6 7 |  7.3
Staves         | 1 2 3 4 5 6 7 |  7.3
Ranged Weapons | 1 2 3 4 5 6 7 |  7.3
Throwing       | 1 2 3 5 6 8 9 10 | 10.0
Armour         | 1 2 3 4 5 6 7 |  7.3
Shields        | 1 2 3 4 5 6 7 |  7.3
Unarmed Combat | 1 2 3 4 5 6 7 |  7.3
Evocations     | 1 2 3 4 5 6 7 |  7.3
Conjurations   | 1 2 3 4 5 6 |  6.1
Hexes          | 1 2 3 4 5 6 |  6.1
Summonings     | 1 2 3 4 5 6 |  6.1
Necromancy     | 1 2 3 4 5 6 |  6.1
Translocations | 1 2 3 4 5 6 |  6.1
Transmutations | 1 2 3 4 5 6 |  6.1
Fire Magic     | 1 2 3 4 5 6 |  6.1
Air Magic      | 1 2 3 4 5 6 |  6.1
Earth Magic    | 1 2 3 4 5 6 |  6.1
Poison Magic   | 1 2 3 4 5 6 |  6.1
Dodging        | 5 6 7 8 |  8.7
Stealth        | 5 6 7 8 |  8.5
Ice Magic      | 8 9 |  9.5

Action                   |  1- 3 |  4- 6 |  7- 9 | 10-12 || total
-------------------------+-------+-------+-------+-------++-------
Melee: Unarmed           |    11 |     2 |       |       ||    13
       Bite              |     1 |     2 |    20 |    42 ||    65
       Punch             |     1 |     1 |     4 |    15 ||    21
       Dagger            |       |    31 |   129 |       ||   160
       War axe           |       |     6 |     9 |       ||    15
       Whip              |       |       |    16 |   268 ||   284
Throw: Dart              |       |       |       |     5 ||     5
 Cast: Freeze            |    44 |    38 |   101 |     7 ||   190
       Frozen Ramparts   |     1 |     5 |    20 |    42 ||    68
       Ozocubu's Armour  |       |     2 |     9 |    25 ||    36
       Summon Ice Beast  |       |       |     8 |    10 ||    18
  Use: Potion            |       |     3 |       |     1 ||     4
       Scroll            |       |       |       |    12 ||    12
 Stab: Sleeping          |       |     1 |     8 |     1 ||    10
       Distracted        |       |       |       |     3 ||     3
Armor: Robe              |     8 |    21 |    37 |     6 ||    72
       Acid dragon scale |       |       |       |    75 ||    75
Dodge: Dodged            |    27 |    51 |   148 |   132 ||   358
Block: Other             |       |       |    20 |    34 ||    54

Table legend: (Time is in decaauts)
 A = Elapsed time spent in this place.
 B = Non-inter-level travel time spent in this place.
 C = Inter-level travel time spent in this place.
 D = Time resting spent in this place.
 E = Time spent auto-exploring this place.
 F = Levels seen in this place.
 G = Mean time per level.
                   A        B        C        D        E       F      G
               +--------+--------+--------+--------+--------+-----+--------+
         Total |  13051 |  12609 |    442 |    157 |  10292 |  12 | 1087.6 |
       Dungeon |  12906 |  12475 |    431 |    157 |  10188 |  11 | 1173.3 |
        Temple |    145 |    135 |     10 |      0 |    104 |   1 |  145.0 |
               +--------+--------+--------+--------+--------+-----+--------+

Top non-repeatable levels by time:
     D:8: 1792 daAuts
     D:6: 1611 daAuts
     D:5: 1599 daAuts
     D:4: 1404 daAuts
     D:7: 1371 daAuts
    D:10: 995 daAuts
     D:9: 950 daAuts
     D:2: 924 daAuts
     D:1: 921 daAuts
     D:3: 794 daAuts
    D:11: 540 daAuts
  Temple: 145 daAuts
